 Dungeon Crawl Stone Soup version 0.20.1-1-g8b1a95d (webtiles) character file.

200 Peloso the Skirmisher (level 5, 0/42 HPs)
             Began as a Demonspawn Fighter on Oct 12, 2017.
             Slain by an adder (3 damage)
             ... on level 2 of the Dungeon.
             The game lasted 00:05:12 (2530 turns).

Peloso the Skirmisher (Demonspawn Fighter)          Turns: 2530, Time: 00:05:12

Health: 0/42       AC: 11    Str: 22    XL:     5   Next: 49%
Magic:  5/5        EV:  4    Int:  9    God:
Gold:   120        SH:  9    Dex: 13    Spells: 4/4 levels left

rFire    . . .     SeeInvis .   a - +0 long sword
rCold    . . .     Gourm    .   c - +0 shield
rNeg     . . .     Faith    .   b - +0 scale mail
rPois    .         Spirit   .   (no helmet)
rElec    .         Reflect  .   (no cloak)
rCorr    .         Harm     .   o - +0 pair of gloves
MR       .....                  (no boots)
Stlth    ..........             (no amulet)
Regen    1.2/turn               (no ring)
MPRegen  0.1/turn               (no ring)

@: mighty, lethally poisoned (0 -> 0), hasted, constricted, very quick
A: thin metallic scales 2, powered by death 1, rot immunity
a: no special abilities


You were on level 2 of the Dungeon.
You were hungry.

You visited 1 branch of the dungeon, and saw 2 of its levels.

You collected 120 gold pieces.

Inventory:

Hand Weapons
 a - a +0 long sword (weapon)
Armour
 b - a +0 scale mail (worn)
 c - a +0 shield (worn)
 o - a +0 pair of gloves (worn)
Scrolls
 d - a scroll of enchant weapon {unknown}
 e - 5 scrolls of identify {unknown}
 i - a scroll of fog {unknown}
 j - a scroll of fear {unknown}
 k - a scroll of amnesia {unknown}
 l - 2 scrolls of noise {unknown}
Comestibles
 f - a bread ration
 h - a royal jelly
 n - a chunk of flesh
 p - 2 fruits


   Skills:
 + Level 3.8 Fighting
 + Level 3.1 Long Blades
 + Level 3.6 Armour
 + Level 0.5 Dodging
 + Level 3.6 Shields


You had 4 spell levels left.
You didn't know any spells.

Dungeon Overview and Level Annotations

Branches:
Dungeon (2/15)

Altars:
Jiyva


Innate Abilities, Weirdness & Mutations

You are mostly covered in thin metallic scales. (AC +3)
You regenerate a little health from kills.
You are immune to rotting.


Message History

It was a potion of haste.
You feel yourself speed up. The adder bites you but does no damage.
The ball python bites you.
* * * LOW HITPOINT WARNING * * *
The ball python constricts you. The adder bites you but does no damage.
Unknown command.
You feel very mighty all of a sudden.
* * * LOW HITPOINT WARNING * * *
You feel sick. The adder bites you but does no damage.
The adder barely misses you. You block the ball python's attack.
The ball python constricts you.
You completely miss the adder.
The adder is severely wounded.
The adder bites you but does no damage. x2
The ball python bites you but does no damage.
The ball python constricts you.
Unknown command.
You slash the adder!
You kill the adder!
The adder bites you.
You die...

.######### ....<....
#...!SS# .... #@#
.....#.####### ..
.......g......#
#.####
.S....#.......#
###..$..
........./....#
#.......
#######.......#
#......< ##......)#
#....... ...........#
#.......
..##.#####†###.....)÷


You could see an adder, a goblin and a ball python.

Vanquished Creatures
  Natasha (thrice) (D:2)
  Terence (D:1)
  A gnoll (D:1)
  4 adders (D:2)
  An ooze (D:1)
  A worm (D:2)
  A dart slug (D:1)
  A leopard gecko (D:1)
  5 bats
  6 giant cockroaches
  3 goblins
  8 hobgoblins
  A ball python (D:1)
  3 frilled lizards
  4 kobolds (D:1)
  5 rats
48 creatures vanquished.

Notes
Turn   | Place    | Note
-------+----------+-------------------------------------------
     0 | D:1      | Peloso the Demonspawn Fighter began the quest for the Orb.
     0 | D:1      | Reached XP level 1. HP: 18/18 MP: 1/1
   109 | D:1      | Found a viscous altar of Jiyva.
   109 | D:1      | Noticed a jelly
   109 | D:1      | Noticed a jelly
   109 | D:1      | Noticed a jelly
   110 | D:1      | Noticed a jelly
   110 | D:1      | Noticed a jelly
   187 | D:1      | Gained mutation: You are partially covered in thin metallic scales. (AC +2) [demonic ancestry]
   187 | D:1      | Reached XP level 2. HP: 17/24 MP: 2/2
   464 | D:1      | Gained mutation: You are immune to rotting. [demonic ancestry]
   464 | D:1      | Reached XP level 3. HP: 8/29 MP: 3/3
  1539 | D:2      | Noticed Terence
  1662 | D:1      | Killed Terence
  1662 | D:1      | Gained mutation: You regenerate a little health from kills. [demonic ancestry]
  1662 | D:1      | Reached XP level 4. HP: 8/35 MP: 4/4
  1986 | D:2      | Noticed Natasha
  2008 | D:2      | Killed Natasha
  2167 | D:2      | Gained mutation: You are mostly covered in thin metallic scales. (AC +3) [demonic ancestry]
  2167 | D:2      | Reached XP level 5. HP: 13/42 MP: 5/5
  2285 | D:2      | Noticed Natasha
  2301 | D:2      | HP: 1/42 [shadow imp/nerve-wracking pain[Natasha] (6)]
  2302 | D:2      | Killed Natasha
  2502 | D:2      | Noticed Natasha
  2515 | D:2      | Killed Natasha
  2528 | D:2      | HP: 2/42 [poisoned by an adder]
  2530 | D:2      | Slain by an adder

Skill      XL: |  1  2  3  4  5 |
---------------+----------------+-----
Shields        | 3 |  3.6
Long Blades    | 2 3 |  3.1
Armour         | 3 |  3.6
Fighting       | |  3.8
Dodging        | |  0.5

Action                   |  1- 3 |  4- 6 || total
-------------------------+-------+-------++-------
Melee: Long sword        |    93 |   100 ||   193
  Use: Potion            |     1 |     2 ||     3
  Eat: Royal jelly       |     1 |       ||     1
       Chunk             |       |     3 ||     3
Armor: Scale mail        |    72 |    84 ||   156
Dodge: Dodged            |    46 |    38 ||    84
Block: Shield            |    56 |    64 ||   120
       Rpst.: Long sword |    13 |    14 ||    27
